cohdb
Replays
Latest Replays
All Replays
Popular Replays
Top Player Replays
Match Explorer
How It Works
Community
CoH3 Stats
Reddit
Sign in to upload your games and track your stats! →
Sign in with Steam
Match 42877801
Unlisted
Match 42877801
Overview
Messages
Build Orders
End
Construct Weapon Support Center
M1919 Machine Gun Team
Engineer Squad
M1919 Machine Gun Team
Bazooka Squad
Infantry Support Center
M3 Armored Personnel Carrier
M3 Armored Personnel Carrier
Construct Medical Station
M1919 Machine Gun Team
Sniper
Construct Tank Depot
Bazooka Squad
The Fresh Prince
Dumpster Bob
Lost
Zoro
Tirant
MatioS
Hunter
Dark Angels
0
0
Comments
sign in to comment!
No comments posted yet!